[Event "Team 45 45 League T23"]
[Site "Free Internet Chess Server"]
[Date "2004.07.30"]
[Round "7"]
[White "Tokyo"]
[Black "mandragora"]
[Result "1-0"]
[WhiteElo "2136"]
[BlackElo "1815"]
[TimeControl "2700+45"]

1. c4 Nf6 2. Nc3 d5 3. d4 g6 4. Bf4 Bg7 5. e3 c5 6. dxc5 Qa5 7. Bxb8 Rxb8 8. Qa4+ Qxa4 9. Nxa4 Bd7 10. Nc3 dxc4 11. Bxc4 O-O 12. Nge2 Rbc8 13. b4 a5 14. a3 b6 15. f3 axb4 16. axb4 bxc5 17. b5 Rfd8 18. Kf2 Rb8 19. Ra7 Ne8 20. Ne4 Bxb5 21. Bxb5 Rxb5 22. Rxe7 Kf8 23. Ra7 Rc8 24. Rd1 Rc7 25. Ra8 Ke7 26. Rxe8+ Kxe8 27. Nd6+ Kd7 28. Nxb5+   {Black resigns} 1-0

[Event "Team 45 45 League T23"]
[Site "Free Internet Chess Server"]
[Date "2004.07.29"]
[Round "7"]
[White "Louro"]
[Black "peepn"]
[Result "1/2-1/2"]
[WhiteElo "1764"]
[BlackElo "2179"]
[TimeControl "2700+45"]

1. e4 e5 2. Nf3 Nc6 3. Bb5 a6 4. Ba4 Nf6 5. Qe2 b5 6. Bb3 Bc5 7. c3 O-O 8. d3 Bb7 9. O-O Re8 10. Bg5 h6 11. Be3 d6 12. Nbd2 Qd7 13. d4 exd4 14. cxd4 Bb6 15. d5 Ne7 16. Bxb6 cxb6 17. Qd3 Ng6 18. Qd4 Rac8 19. Rfe1 Rc5 20. a4 bxa4 21. Bxa4 b5 22. b4 Rc7 23. Bb3 Rec8 24. Nf1 Rc3 25. Re3 Nf4 26. Ng3 Qc7 27. Rae1 Kh7 28. Nf5 Rxe3 29. Qxe3 Ng6 30. Nd2 Re8 31. Qd4 Bc8 32. Ng3 Ng4 33. h3 N4e5 34. Qe3 a5 35. bxa5 Qxa5 36. Ne2 Bxh3 37. f4 Nh4 38. fxe5 Nxg2 39. Qxh3 Nxe1 40. Nc3 Qa1 41. Kf2 Qc1 42. Qe3 Rxe5 43. Ne2 Qa1 44. Qc3 Qxc3 45. Nxc3 b4 46. Nb5 Nd3+ 47. Ke3 Nc1 48. Nxd6 Rh5 49. Ba4 f6 50. Kd4 Rh3 51. Kc5 b3 52. N6c4 Kg6 53. d6 Kf7 54. Kb4 Nd3+ 55. Kxb3 Nc5+ 56. Kb4 Nxa4 57. Kxa4 h5 58. Nb3 Rd3 59. Nc5 Rd4 60. Kb5 h4 61. d7 h3 62. e5 fxe5 63. Nxe5+ Kf6 64. Nf3 Rd1 65. Kc6 Ke7 66. Kc7 Rd5 67. Kc6 Rd6+ 68. Kc7 g6 69. Nh2 g5 70. Nf3 g4 71. Nh4 Rxd7+ 72. Nxd7 Ke6 73. Nc5+ Ke5 74. Nd3+ Ke4 75. Nf2+ Kf4 76. Ng6+ Kf3 77. Ne5+ Kxf2 78. Nxg4+ Kg3 79. Ne3 Kf2 80. Ng4+ Kf3 81. Nh2+ Kg3 82. Nf1+ Kf2 83. Nh2 Kg1 84. Ng4 Kg2 85. Ne3+ Kf3 86. Nf1 Ke2 87. Nh2 Kf2 88. Ng4+ Kg3 89. Ne3   {Game drawn by mutual agreement} 1/2-1/2

[Event "Team 45 45 League T23"]
[Site "Free Internet Chess Server"]
[Date "2004.07.24"]
[Round "7"]
[White "ggrayggray"]
[Black "roverch"]
[Result "1-0"]
[WhiteElo "1911"]
[BlackElo "1771"]
[TimeControl "2700+45"]

1. e4 c5 2. Nf3 Nc6 3. d4 cxd4 4. Nxd4 Nf6 5. Nc3 e5 6. Ndb5 d6 7. Bg5 a6 8. Bxf6 gxf6 9. Na3 b5 10. Nd5 f5 11. exf5 Bxf5 12. c3 Bg7 13. Qf3 Bd7 14. Bd3 O-O 15. Bf5 Bxf5 16. Qxf5 b4 17. cxb4 e4 18. Rc1 Nd4 19. Qg4 f5 20. Qg3 Ra7 21. Nc4 Kh8 22. Qf4 Rg8 23. Kf1 Qc8 24. Ndb6 Qc6 25. Qxd6 Qe8 26. Rd1 Ne6 27. Nd5 Rd7 28. Qxa6 Qg6 29. Qc6 Bf6 30. Nce3 f4 31. Qxd7 fxe3 32. Nxe3 Nf4 33. Rd6 Nxg2 34. Ng4 e3 35. Rxf6 e2+ 36. Kxe2 Re8+ 37. Kf1 Re1+ 38. Kxg2 Qe4+ 39. Rf3 Rxh1 40. Qd8+ Kg7 41. Qf6+ Kg8 42. Nh6#   {Black checkmated} 1-0

[Event "Team 45 45 League T23"]
[Site "Free Internet Chess Server"]
[Date "PDT.08.0"]
[Round "7"]
[White "sonareclipse"]
[Black "Hrenoff"]
[Result "0-1"]
[WhiteElo "2059"]
[BlackElo "2018"]
[TimeControl "2700+45"]

1. Nf3 Nf6 2. c4 e6 3. g3 d5 4. d4 dxc4 5. Bg2 Nc6 6. O-O Rb8 7. Nc3 Bb4 8. Qc2 O-O 9. Rd1 b5 10. Ne5 Ne7 11. e4 Ne8 12. a4 a6 13. axb5 axb5 14. d5 Nd6 15. Nf3 exd5 16. Nxd5 Nxd5 17. Rxd5 Bb7 18. Re5 Re8 19. Rxe8+ Qxe8 20. e5 Bxf3 21. Bxf3 Qxe5 22. Bf4 Qd4 23. Rd1 Qb6 24. h4 Re8 25. Rd5 Bc5 26. Rh5 h6 27. Bd5 Bd4 28. g4 c6 29. Bf3 Re6 30. g5 g6 31. Rxh6 Nf5 32. Rh5 gxh5 33. Qxf5 Bxf2+ 34. Kg2 Bxh4 35. Bxh5 Qf2+ 36. Kh3 Re3+ 37. Kg4 Rg3+   {White resigns} 0-1

[Event "Team 45 45 League T23"]
[Site "Free Internet Chess Server"]
[Date "2004.07.26"]
[Round "7"]
[White "MrRabbit"]
[Black "maeck"]
[Result "1-0"]
[WhiteElo "2061"]
[BlackElo "1932"]
[TimeControl "2700+45"]

1. e4 g6 2. d4 d6 3. Bd3 c6 4. Nf3 Bg4 5. h3 Bxf3 6. Qxf3 e5 7. dxe5 dxe5 8. O-O Nd7 9. Be3 Ngf6 10. Nd2 Bg7 11. Nb3 Qe7 12. Rfd1 O-O 13. Rd2 Rfd8 14. Rad1 a5 15. Be2 b6 16. Rd6 a4 17. Nc1 Nd5 18. Rxc6 Nxe3 19. Qxe3 Nc5 20. Rxd8+ Qxd8 21. Nd3 a3 22. b3 Rc8 23. Rxc8 Qxc8 24. Nb4 Qd8 25. Nd5 Bf8 26. b4 Ne6 27. Qxa3 Qh4 28. Qf3 Nd4 29. Qd3 b5 30. c3 Nxe2+ 31. Qxe2   {Black resigns} 1-0

[Event "Team 45 45 League T23"]
[Site "Free Internet Chess Server"]
[Date "2004.07.28"]
[Round "7"]
[White "xivarmy"]
[Black "Rais"]
[Result "1-0"]
[WhiteElo "1915"]
[BlackElo "1928"]
[TimeControl "2700+45"]

1. e4 e5 2. Nf3 Nf6 3. Nxe5 d6 4. Nxf7 Kxf7 5. d4 Be7 6. Bc4+ d5 7. exd5 Bd6 8. O-O Nbd7 9. Nc3 Nb6 10. Bb3 Bf5 11. Nb5 a6 12. Nxd6+ cxd6 13. Bg5 Re8 14. c4 Qd7 15. Bxf6 gxf6 16. c5 Nc8 17. Ba4 Qe7 18. Bxe8+ Qxe8 19. Re1 Qd7 20. Qb3 Kf8 21. Re3 dxc5 22. dxc5 Ne7 23. d6 Nc6 24. Rae1 Qf7 25. Qc3 Ne5 26. f4 Nc6 27. b4 Bd7 28. Re7   {Black resigns} 1-0

[Event "Team 45 45 League T23"]
[Site "Free Internet Chess Server"]
[Date "2004.07.31"]
[Round "7"]
[White "zcomcon"]
[Black "adingod"]
[Result "0-1"]
[WhiteElo "1716"]
[BlackElo "1964"]
[TimeControl "2700+45"]

1. Nf3 Nf6 2. g3 d5 3. Bg2 g6 4. d3 Bg7 5. Nbd2 O-O 6. O-O Nc6 7. c3 Bf5 8. Re1 Qd7 9. Nf1 e5 10. Ne3 Be6 11. Nc2 Bh3 12. e4 Bxg2 13. Kxg2 dxe4 14. dxe4 Qxd1 15. Rxd1 Nxe4 16. Be3 Rad8 17. Nce1 h6 18. Nd3 f5 19. Nc5 Nxc5 20. Bxc5 Rfe8 21. Be3 e4 22. Nd2 Ne5 23. Bf4 Nd3 24. Bxc7 Rd7 25. Ba5 Nxb2 26. Rdb1 Rxd2 27. a4 b6 28. Ra2 Nc4 29. Rxd2 Nxd2 30. Rd1 Nc4 31. Bb4 a5   {White resigns} 0-1

[Event "Team 45 45 League T23"]
[Site "Free Internet Chess Server"]
[Date "2004.07.26"]
[Round "7"]
[White "MStav"]
[Black "DesparateDan"]
[Result "1/2-1/2"]
[WhiteElo "1684"]
[BlackElo "1672"]
[TimeControl "2700+45"]

1. f4 d5 2. Nf3 Nf6 3. e3 Bg4 4. b3 g6 5. Bb2 Bg7 6. Be2 O-O 7. O-O c6 8. d3 Nbd7 9. Nbd2 Re8 10. Ne5 Bxe2 11. Qxe2 e6 12. a3 Qc7 13. b4 b5 14. Nb3 Re7 15. Bd4 Rc8 16. Nc5 Nxc5 17. Bxc5 Ree8 18. Rac1 Nd7 19. Nxd7 Qxd7 20. c4 a6 21. Rfd1 f5   {Game drawn by mutual agreement} 1/2-1/2

[Event "Team 45 45 League T23"]
[Site "Free Internet Chess Server"]
[Date "2004.07.31"]
[Round "7"]
[White "petlya"]
[Black "BIRDSMAN"]
[Result "0-1"]
[WhiteElo "1642"]
[BlackElo "1596"]
[TimeControl "2700+45"]

1. Nf3 c5 2. d4 cxd4 3. Qxd4 Nc6 4. Qd1 d5 5. e3 Nf6 6. c4 dxc4 7. Qxd8+ Nxd8 8. Bxc4 Nc6 9. h3 Bd7 10. Nc3 Rc8 11. Bd3 e6 12. a3 Na5 13. Ne5 Nb3 14. Rb1 Nxc1 15. Rxc1 a6 16. O-O Be7 17. Ne4 Nxe4 18. Bxe4 Rxc1 19. Rxc1 Bf6 20. Nxd7 Kxd7 21. Rc2 Rc8 22. Rd2+ Kc7 23. b3 h6 24. Kf1 Be7 25. a4 Bb4 26. Rc2+ Kb8 27. Rxc8+ Kxc8 28. Ke2 a5 29. f4 Kc7 30. Bc2 Kd6 31. e4 b6 32. g4 e5 33. f5 g5 34. fxg6 fxg6 35. h4 g5 36. hxg5 hxg5 37. Kd3 Kc5 38. Bd1 Be1 39. Ke2 Bc3 40. Kd3 Be1 41. Be2 Kb4 42. Kc2 Kc5 43. Bc4 Kd4 44. Bd5 Ke3 45. Kd1 Bb4 46. Bc6 Kf4 47. Ke2 Kxg4 48. Kf2 Kh3 49. Bd7+ g4 50. Kg1 Bc5+ 51. Kh1 Kg3 52. Bf5 Kf3 53. Bg6 g3 54. Bh5+ Kf2   {White resigns} 0-1

[Event "Team 45 45 League T23"]
[Site "Free Internet Chess Server"]
[Date "2004.07.24"]
[Round "7"]
[White "KlassAct"]
[Black "JayH"]
[Result "1-0"]
[WhiteElo "1482"]
[BlackElo "1470"]
[TimeControl "2700+45"]

1. e4 e5 2. Nf3 Nc6 3. Bc4 h6 4. Nc3 Nf6 5. d4 Bb4 6. Qd3 Bxc3+ 7. bxc3 d5 8. exd5 Nxd5 9. dxe5 Be6 10. O-O g5 11. Re1 Qd7 12. Nd4 O-O-O 13. Bb5 Nf4 14. Bxf4 gxf4 15. Bxc6 bxc6 16. Qa6+   {Black resigns} 1-0

[Event "Team 45 45 League T23"]
[Site "Free Internet Chess Server"]
[Date "PDT.08.0"]
[Round "8"]
[White "Tokyo"]
[Black "Hrenoff"]
[Result "1-0"]
[WhiteElo "2140"]
[BlackElo "2053"]
[TimeControl "2700+45"]

1. c4 Nf6 2. Nc3 e6 3. d4 Bb4 4. Bf4 d5 5. e3 O-O 6. a3 Bd6 7. Bxd6 Qxd6 8. Nf3 b6 9. Rc1 c6 10. Be2 Nbd7 11. O-O a5 12. h3 Ba6 13. Nd2 c5 14. dxc5 Nxc5 15. cxd5 Bxe2 16. Qxe2 Nxd5 17. Nc4 Nxc3 18. Rxc3 Qb8 19. Qf3 Rd8 20. Qc6 Rc8 21. Qxb6 Na4 22. Qxb8 Raxb8 23. Rc2 Nb6 24. Rfc1 Nxc4 25. Rxc4 Rxc4 26. Rxc4 Kf8 27. Rc5 a4 28. Ra5 Rxb2 29. Rxa4 g5 30. Ra7 h5 31. g4 hxg4 32. hxg4 Kg7 33. Kg2 Kg6 34. a4 f5 35. Ra8 Ra2 36. a5 Ra4 37. gxf5+ exf5 38. a6 Kf7 39. a7 Ra5 40. Rh8   {Black resigns} 1-0

[Event "Team 45 45 League T23"]
[Site "Free Internet Chess Server"]
[Date "2004.08.13"]
[Round "8"]
[White "Krasty"]
[Black "Rais"]
[Result "0-1"]
[WhiteElo "1913"]
[BlackElo "1896"]
[TimeControl "2700+45"]

1. e4 e5 2. Nf3 Nc6 3. Bb5 f5 4. Nc3 fxe4 5. Nxe4 d5 6. Nxe5 dxe4 7. Nxc6 Qg5 8. Qe2 Nf6 9. f4 Qxf4 10. Ne5+ c6 11. d4 Qh4+ 12. g3 Qh3 13. Bc4 Bd6 14. Bg5 Be6 15. O-O-O O-O-O 16. Nf7 Bxf7 17. Bxf7 Rhf8 18. Bc4 Rde8 19. Rde1 Ng4 20. Ref1 Rxf1+ 21. Rxf1 Nxh2 22. Rf7 Qxg3 23. Rxg7 Nf3 24. Qe3 Nxg5 25. Qxg3 Bxg3 26. Rxg5   {White resigns} 0-1

[Event "Team 45 45 League T23"]
[Site "Free Internet Chess Server"]
[Date "PDT.08.0"]
[Round "8"]
[White "VAlex"]
[Black "roverch"]
[Result "1-0"]
[WhiteElo "1804"]
[BlackElo "1790"]
[TimeControl "2700+45"]

1. e4 c5 2. d4 cxd4 3. c3 dxc3 4. Nxc3 Nc6 5. Nf3 d6 6. Bc4 e6 7. O-O Nf6 8. Qe2 Be7 9. Rd1 e5 10. b4 Bg4 11. Be3 O-O 12. a3 a6 13. h3 Be6 14. Bxe6 fxe6 15. Qa2 Qd7 16. Na4 Nxe4 17. Nb6 Nc3 18. Nxd7   {Black resigns} 1-0

[Event "Team 45 45 League T25"]
[Site "Free Internet Chess Server"]
[Date "2005.01.28"]
[Round "7"]
[White "AlesD"]
[Black "MStav"]
[Result "0-1"]
[WhiteElo "1601"]
[BlackElo "1715"]
[TimeControl "2700+45"]

1. d4 d5 2. e3 Nf6 3. Bd3 Bg4 4. Nf3 e6 5. O-O Bd6 6. Nbd2 Nbd7 7. Re1 e5 8. dxe5 Nxe5 9. Be2 c6 10. h3 Bf5 11. Nd4 Qd7 12. N2f3 O-O-O 13. c3 g5 14. Nxe5 Bxe5 15. Nxf5 Qxf5 16. Qa4 Kb8 17. Qb3 Ne4 18. Rf1 h5 19. Qd1 Qg6 20. Bd3 f5 21. Bd2 g4 22. h4 g3 23. fxg3 Qxg3 24. Bxe4 Qh2+ 25. Kf2 Qxh4+ 26. Ke2 fxe4 27. Be1 Qg4+ 28. Kd2 Qxg2+ 29. Rf2 Qg4 30. Kc2 Rdf8 31. Qe2 Qxe2+ 32. Rxe2 Rf3 33. Bd2 h4 34. Rh1 h3 35. Be1 Bg3 36. Kd2 Kc7 37. Bxg3+ Rxg3 38. Reh2 Kd6 39. Ke2 Rf3 40. Rg1 Rh7 41. b4 b6 42. Rg6+ Kd7 43. a4 a6 44. b5 axb5 45. axb5 cxb5 46. Rxb6 Kc7 47. Rxb5 Rg7 48. Rxd5 Rfg3 49. Rd2 Rg2+ 50. Kf1 Rg1+ 51. Kf2 R7g2+ 52. Rxg2 Rxg2+   {White resigns} 0-1

[Event "Team 45 45 League T25"]
[Site "Free Internet Chess Server"]
[Date "2005.01.26"]
[Round "7"]
[White "rgadoury"]
[Black "Vinoblanca"]
[Result "0-1"]
[WhiteElo "1481"]
[BlackElo "1440"]
[TimeControl "2700+45"]

1. d4 d5 2. Nf3 Nf6 3. e3 Bg4 4. c4 c6 5. Nc3 Nbd7 6. c5 b6 7. b4 g6 8. Be2 Bg7 9. h3 Bxf3 10. Bxf3 O-O 11. O-O Re8 12. Bb2 Rb8 13. Rb1 bxc5 14. bxc5 Qc7 15. Qc2 Rb7 16. Be2 Qa5 17. Nd1 Reb8 18. Bc3 Qc7 19. Rxb7 Qxb7 20. Nb2 Ne4 21. Rb1 Ndxc5 22. Bf3 Nxc3 23. Qxc3 Na4 24. Qb3 Qxb3 25. axb3 Rxb3 26. Nxa4 Rxb1+ 27. Kh2 Kf8 28. g4 Ke8 29. h4 e6 30. g5 Bf8 31. Kg3 Bb4 32. Nc5 Bxc5 33. dxc5 a5   {White resigns} 0-1

[Event "Team 45 45 League T25"]
[Site "Free Internet Chess Server"]
[Date "2005.01.27"]
[Round "7"]
[White "KlassAct"]
[Black "Triplea"]
[Result "1-0"]
[WhiteElo "1331"]
[BlackElo "1324"]
[TimeControl "2700+45"]

1. e4 e5 2. Nf3 Nc6 3. Bc4 Bc5 4. Nc3 d6 5. d3 Bg4 6. h3 Bh5 7. Bd2 Bxf3 8. Qxf3 Nf6 9. Bg5 Nd4 10. Qd1 Qe7 11. Nd5 Qd8 12. O-O h6 13. Nxf6+ gxf6 14. Be3 Qd7 15. c3 Rg8 16. Kh2 Nc6 17. Bxh6 O-O-O 18. Qh5 Rdf8 19. Bxf8   {Black resigns} 1-0

[Event "Team 45 45 League T25"]
[Site "Free Internet Chess Server"]
[Date "2005.01.29"]
[Round "7"]
[White "mrmahoon"]
[Black "DesparateDan"]
[Result "0-1"]
[WhiteElo "1624"]
[BlackElo "1616"]
[TimeControl "2700+45"]

1. e4 e5 2. Nf3 Nc6 3. Bb5 a6 4. Bxc6 dxc6 5. h3 f6 6. d4 exd4 7. Nxd4 c5 8. Nb3 Qxd1+ 9. Kxd1 Be6 10. N1d2 O-O-O 11. Ke2 Bd6 12. c4 Ne7 13. Rd1 Nc6 14. Rb1 Ne5 15. Na5 b6 16. f4 Ng6 17. f5 Nf4+ 18. Kf3 Bf7 19. Nab3 Nd3 20. Na1 Ne5+ 21. Kf2 Nxc4 22. b3 Ne5 23. Nf3 Rhe8 24. Nxe5 Bxe5 25. Rxd8+ Rxd8 26. Nc2 Rd1 27. Ne3 Bd4 28. Kf3 Rh1 29. Nc2 Rf1+ 30. Ke2 Rf2+ 31. Kd3 Be5 32. Ne3 Rxa2 33. Bd2 Ra3 34. Nd5 Kb7 35. g4 c6 36. Bc1 Ra2 37. Nc3 Rh2 38. Be3 Rxh3 39. Ne2 b5 40. Kd2 Kb6 41. b4 Bd6 42. Rc1 Bc4 43. g5 fxg5 44. bxc5+ Bxc5 45. Bxg5 Bb4+ 46. Nc3 Rd3+ 47. Ke1 Bxc3+ 48. Rxc3 Rxc3 49. e5   {White resigns} 0-1

[Event "Team 45 45 League T25"]
[Site "Free Internet Chess Server"]
[Date "2005.01.30"]
[Round "7"]
[White "Holyphant"]
[Black "tjraczko"]
[Result "0-1"]
[WhiteElo "1655"]
[BlackElo "1560"]
[TimeControl "2700+45"]

1. e4 e5 2. Nf3 Nc6 3. Bc4 Nf6 4. Ng5 d5 5. exd5 Na5 6. Bb5+ c6 7. dxc6 bxc6 8. Be2 h6 9. Nf3 Bd6 10. d3 O-O 11. Nc3 Re8 12. O-O Nb7 13. Ne4 Nxe4 14. dxe4 Nc5 15. Nd2 Qf6 16. b3 Bb7 17. Bb2 Rad8 18. Qe1 Bc7 19. Bc4 Nd7 20. Nf3 Nf8 21. a4 Ng6 22. b4 Bd6 23. Rd1 a6 24. b5 axb5 25. axb5 cxb5 26. Bxb5 Rf8 27. Qc3 Bxe4 28. Nd2 Bb7 29. Nc4 Bc5 30. Rxd8 Rxd8 31. Nxe5 Bxf2+ 32. Rxf2 Rd1+ 33. Rf1 Qb6+ 34. Kh1 Qf2   {White resigns} 0-1

[Event "Team 45 45 League T25"]
[Site "Free Internet Chess Server"]
[Date "2005.01.28"]
[Round "7"]
[White "couv"]
[Black "JayH"]
[Result "1-0"]
[WhiteElo "1560"]
[BlackElo "1473"]
[TimeControl "2700+45"]

1. d4 h6 2. e4 d6 3. Nf3 a6 4. Bc4 Nc6 5. O-O Bg4 6. c3 e6 7. Be3 Be7 8. d5 Ne5 9. Be2 Bf6 10. Nxe5 Bxe2 11. Nxf7 Qe7 12. Nxd6+ Qxd6 13. Qxe2 O-O-O 14. dxe6 Qxe6 15. f3 g5 16. Nd2 Ne7 17. Rfd1 Kb8 18. Nf1 Rdg8 19. Rd3 Ng6 20. b3 h5 21. Bd4 Nf4 22. Qe3 Nxd3 23. Qxd3 Bxd4+ 24. cxd4 g4 25. f4 Qb6 26. e5 Rd8 27. Rd1 Rd5 28. Ne3 Rd7 29. Nc4 Qa7 30. e6 Re7 31. f5 Rd8 32. Kf1 b5 33. Ne5 Qb6 34. d5 Rxe6 35. fxe6 Rf8+ 36. Nf7 Qd6 37. Kg1 Qe7 38. Ne5 Qc5+ 39. Qd4 Qc2 40. Nd7+ Kc8 41. Nxf8 h4 42. e7   {Black resigns} 1-0

[Event "Team 45 45 League T25"]
[Site "Free Internet Chess Server"]
[Date "2005.01.26"]
[Round "7"]
[White "xplan"]
[Black "fismoluni"]
[Result "0-1"]
[WhiteElo "1578"]
[BlackElo "1669"]
[TimeControl "2700+45"]

1. e4 c5 2. Nf3 d6 3. d4 cxd4 4. Nxd4 Nf6 5. Nc3 a6 6. Bc4 e6 7. O-O b5 8. Bd3 Bb7 9. Re1 Nbd7 10. Nf3 Qc7 11. h3 Be7 12. Bf4 O-O 13. e5 Bxf3 14. Qxf3 Nxe5 15. Qg3 Nh5 16. Qe3 Nxf4 17. Qxf4 Rac8 18. Ne4 Nxd3 19. cxd3 d5 20. Qxc7 Rxc7 21. Ng3 Rfc8 22. Ne2 Bf6 23. Rab1 h6 24. d4 Rc2 25. b3 Rxa2 26. Ra1 Rcc2 27. Rxa2 Rxa2 28. Kf1 Rb2 29. Nc1 Bxd4 30. Nd3 Rxb3 31. Rd1 a5 32. Ke2 a4 33. Kd2 a3 34. Kc2 Rc3+ 35. Kb1 b4 36. Nc1 Bxf2 37. Ka2 Be3 38. Nd3 Rc2+ 39. Kb3 Rxg2 40. Nxb4 Rh2 41. Kxa3 Rxh3   {White resigns} 0-1

[Event "Team 45 45 League T25"]
[Site "Free Internet Chess Server"]
[Date "2005.01.30"]
[Round "7"]
[White "CleverBanana"]
[Black "clarinetref"]
[Result "0-1"]
[WhiteElo "1656"]
[BlackElo "1492"]
[TimeControl "2700+45"]

1. d4 Nf6 2. c4 e6 3. Nc3 Bb4 4. Bd2 b6 5. Nf3 Bb7 6. e3 O-O 7. Bd3 Bxc3 8. Bxc3 d5 9. O-O dxc4 10. Bxc4 Ne4 11. Rc1 Ba6 12. Bxa6 Nxa6 13. Qd3 Nxc3 14. Rxc3 Nb4 15. Qc4 Nd5 16. Rc2 Rc8 17. Qa6 Nb4 18. Qa4 Nxc2 19. Qxc2 c5 20. Qa4 Qe7 21. Qa6 Rc7 22. Rd1 cxd4 23. Nxd4 Rfc8 24. g3 Rc1 25. Rxc1 Rxc1+ 26. Kg2 Rc7 27. Nb5 Rb7 28. Nd6 Rc7 29. Nb5 Rd7 30. Qc8+ Qd8 31. Qa6 Qa8+ 32. Kh3 g6 33. a4 Rd2 34. b3 Rxf2 35. Nxa7 Qg2+ 36. Kg4 Qf3+ 37. Kh3 Qh5#   {White checkmated} 0-1

[Event "Team 45 45 League T25"]
[Site "Free Internet Chess Server"]
[Date "2005.01.28"]
[Round "7"]
[White "TStrobaugh"]
[Black "thelovegambit"]
[Result "0-1"]
[WhiteElo "1441"]
[BlackElo "1636"]
[TimeControl "2700+45"]

1. e4 d5 2. Nc3 d4 3. Nb5 e5 4. Bc4 Nf6 5. d3 a6 6. Na3 Nc6 7. Nf3 Bb4+ 8. Bd2 Bxd2+ 9. Qxd2 O-O 10. O-O Bg4 11. Ng5 Bh5 12. Be6 h6 13. Bf5 hxg5 14. Qxg5 Ne7 15. g4 Bg6 16. h4 Nxf5 17. exf5 Bh7 18. h5 Nd5 19. Qd2 Qh4 20. f3 Nf4 21. Rf2 Nh3+ 22. Kg2 Qxf2+ 23. Qxf2 Nxf2 24. Kxf2 g6 25. hxg6 fxg6 26. fxg6 Bxg6 27. Re1 Rae8 28. Nc4 e4 29. dxe4 Bxe4 30. Kg3 Rxf3+ 31. Kh4 Bg6 32. Re5 Rxe5 33. Nxe5 Rf6 34. Kg5 Kg7 35. Kh4 Bxc2 36. g5 Rf5 37. Ng4 d3 38. Ne3 Rf3 39. Nd5 d2 40. Nc3 Bf5 41. g6 Kxg6 42. a4 Rh3#   {White checkmated} 0-1

[Event "Team 45 45 League T25"]
[Site "Free Internet Chess Server"]
[Date "2005.01.27"]
[Round "7"]
[White "SamuraiGoroh"]
[Black "Hartford"]
[Result "1-0"]
[WhiteElo "1383"]
[BlackElo "1526"]
[TimeControl "2700+45"]

1. e4 e5 2. Bc4 Nc6 3. d3 Bb4+ 4. Bd2 Bxd2+ 5. Qxd2 Nf6 6. Nc3 O-O 7. O-O-O d6 8. a3 a6 9. f3 Na5 10. Nd5 Nxc4 11. dxc4 Be6 12. Ne3 Nh5 13. g3 f5 14. exf5 Bxf5 15. Nxf5 Rxf5 16. g4 Rg5 17. gxh5 Qf6 18. Qd5+ Kh8 19. Qxb7 Rf8 20. Qxc7 Qf4+ 21. Kb1 Rxh5 22. h3 a5 23. Rxd6 e4 24. Rd8 Rf5 25. Qxf4 Rxf4 26. Rxf8+ Rxf8 27. fxe4 Rf1+ 28. Ka2 Rf4 29. b4 axb4 30. axb4 Rxe4 31. Kb3 Re3+ 32. c3 h5 33. h4 Re7 34. Nf3 Re3 35. Ng5 Rg3 36. c5 Rg4 37. b5 g6 38. c6 Kg7 39. c7 Rf4 40. c8=Q Rf8 41. Ne6+ Kf7 42. Qxf8+ Kxe6 43. Re1+ Kd5 44. Qf7+ Kc5 45. Re5+ Kb6 46. Qxg6+ Ka5 47. Qa6#   {Black checkmated} 1-0

[Event "Team 45 45 League T25"]
[Site "Free Internet Chess Server"]
[Date "PST.02.0"]
[Round "8"]
[White "TGV"]
[Black "RussoTuristo"]
[Result "1/2-1/2"]
[WhiteElo "1791"]
[BlackElo "1836"]
[TimeControl "2700+45"]

1. d4 Nf6 2. c4 d6 3. Nc3 g6 4. Nf3 Bg7 5. e4 O-O 6. Be2 Bg4 7. O-O Nbd7 8. Ne1 Bxe2 9. Qxe2 e5 10. d5 h6 11. Be3 b6 12. Rc1 a5 13. Nd3 Nc5 14. Nxc5 bxc5 15. f4 exf4 16. Rxf4 Qe7 17. Qd3 g5 18. Rf5 Rfe8 19. Rcf1 Ng4 20. Bd2 Ne5 21. Qe2 a4 22. Nb5 Rec8 23. Bc3 c6 24. Bxe5 Bxe5 25. dxc6 Rxc6 26. Qh5 Bg7 27. Rxf7 Qxe4 28. Rxg7+ Kxg7 29. Qf7+ Kh8 30. Qf6+   {Game drawn by mutual agreement} 1/2-1/2

[Event "Team 45 45 League T25"]
[Site "Free Internet Chess Server"]
[Date "PST.02.0"]
[Round "8"]
[White "MGoo"]
[Black "Plattner"]
[Result "1-0"]
[WhiteElo "1737"]
[BlackElo "1728"]
[TimeControl "2700+45"]

1. d4 Nf6 2. c4 e6 3. Nf3 b6 4. e3 Bb7 5. Bd3 Be4 6. O-O Bxd3 7. Qxd3 d5 8. cxd5 exd5 9. Nc3 Be7 10. a3 O-O 11. b4 Nbd7 12. Rd1 Re8 13. b5 Bd6 14. a4 Ne4 15. Nxd5 Ndf6 16. Nxf6+ Qxf6 17. Qc2 Rac8 18. Ba3 g5 19. Bxd6 cxd6 20. Qb2 g4 21. Ne1 Rc5 22. Nd3 Rh5 23. Nf4 Rh6 24. f3 gxf3 25. gxf3 Ng5 26. Qf2 Qxf4 27. exf4 Nh3+ 28. Kf1 Nxf2 29. Kxf2 Rxh2+ 30. Kg3 Rhe2 31. d5 f5 32. Rg1 Kf7 33. Kh3 h6 34. Rg2 Rxg2 35. Kxg2 Re2+ 36. Kg3 Ke7 37. Rh1 Rd2 38. Rxh6 Rxd5 39. Rh7+ Ke6 40. Rxa7 Rd4 41. Ra6 Kd5 42. Rxb6 Rxa4 43. Rb8 Rb4 44. b6 Kc6 45. b7 Rxb7 46. Rf8 Rb5 47. Rf6 Kd7 48. Kh4 Ke7 49. Kg5 Rb3 50. Kxf5 Rxf3 51. Re6+ Kd7 52. Re4 Rg3 53. Rd4 Rg1 54. Kf6 Kc6 55. f5 Kc5 56. Rf4 Kd5 57. Ke7 Rg7+ 58. Kf8 Ra7 59. f6 Ke6 60. f7 Ra1 61. Re4+ Kf6 62. Rf4+ Kg6 63. Ke7 Ra7+ 64. Ke6   {Black resigns} 1-0

[Event "Team 45 45 League T25"]
[Site "Free Internet Chess Server"]
[Date "PST.02.0"]
[Round "8"]
[White "JoeytheBudgie"]
[Black "Pieris"]
[Result "0-1"]
[WhiteElo "1759"]
[BlackElo "1723"]
[TimeControl "2700+45"]

1. e4 d5 2. exd5 c6 3. dxc6 Nxc6 4. Bb5 e5 5. Nf3 Bd6 6. Bxc6+ bxc6 7. d3 Bg4 8. Be3 f5 9. Nbd2 f4 10. Bxf4 exf4 11. O-O Ne7 12. c3 Rb8 13. b4 Bh5 14. Qa4 Qc7 15. Nd4 Bf7 16. Nc4 Bxc4 17. dxc4 Qd7 18. Nf3 O-O 19. c5 Bc7 20. Rad1 Qc8 21. Rfe1 Re8 22. Nd4 Qb7 23. Ne6 Nd5 24. Qc2 Qc8 25. Ng5 g6 26. Qd2 Be5 27. Ne4 Qg4 28. f3 Qf5 29. a3 Ne3 30. Qa2+ Qf7 31. Qxf7+ Kxf7 32. Rd7+ Re7 33. Ng5+ Ke8 34. Rxe7+ Kxe7 35. Nxh7 Bxc3 36. Re2 Rd8 37. h4 Rd2 38. Rxd2 Bxd2 39. Kf2 Nc2 40. Ke2 Be3 41. Ng5 Nxa3 42. Kd3 Bf2 43. Nh3 Bg3 44. Kc3 Nb5+ 45. Kc4 Kf6 46. Kd3 Ke5 47. Ng5 Bxh4 48. Nf7+ Ke6 49. Nh6 Kd5 50. Nf7 Be1   {White resigns} 0-1

[Event "Team 45 45 League T25"]
[Site "Free Internet Chess Server"]
[Date "PST.02.0"]
[Round "8"]
[White "Nogger"]
[Black "Ninaber"]
[Result "1-0"]
[WhiteElo "2124"]
[BlackElo "2050"]
[TimeControl "2700+45"]

1. c4 Nc6 2. Nc3 e5 3. Nf3 Nf6 4. e4 Bb4 5. d3 O-O 6. Be2 d6 7. O-O Be6 8. Nd5 Bc5 9. Bg5 Bxd5 10. cxd5 Nd4 11. Nxd4 Bxd4 12. Rc1 Rb8 13. b3 Bc5 14. Qd2 Qe7 15. b4 Bb6 16. a4 a5 17. bxa5 Bc5 18. Rb1 Rfd8 19. Rb3 Nh5   {Black resigns} 1-0

[Event "Team 45 45 League T25"]
[Site "Free Internet Chess Server"]
[Date "PST.02.0"]
[Round "8"]
[White "YOIULI"]
[Black "fege"]
[Result "0-1"]
[WhiteElo "1955"]
[BlackElo "2065"]
[TimeControl "2700+45"]

1. e4 e6 2. d4 d5 3. Nc3 Bb4 4. e5 c5 5. a3 Bxc3+ 6. bxc3 Ne7 7. Bg5 Nbc6 8. Bb5 Qa5 9. Qd3 O-O 10. Bxc6 Nxc6 11. Ne2 cxd4 12. Qg3 Kh8 13. h4 b6 14. O-O Ba6 15. Bf6 Rg8 16. Nxd4 Nxd4 17. cxd4 Bxf1 18. Rxf1 gxf6 19. Qf4 f5 20. h5 Qxa3 21. Qh4 Qf8 22. h6 Rg6   {White resigns} 0-1

[Event "Team 45 45 League T25"]
[Site "Free Internet Chess Server"]
[Date "PST.02.0"]
[Round "8"]
[White "twinders"]
[Black "mandragora"]
[Result "1/2-1/2"]
[WhiteElo "1652"]
[BlackElo "1817"]
[TimeControl "2700+45"]

1. d4 Nf6 2. c4 g6 3. Nc3 d5 4. Nf3 Bg7 5. e3 O-O 6. cxd5 Nxd5 7. Bc4 c6 8. Qb3 e6 9. O-O Nd7 10. e4 Nxc3 11. bxc3 c5 12. Be3 cxd4 13. cxd4 Nb6 14. Bd3 Bd7 15. Rac1 Bc6 16. Qb1 Nd7 17. Bb5 Bxb5 18. Qxb5 Nb6 19. Rfd1 Qd6 20. Qc5 Rfd8 21. Qxd6 Rxd6 22. Rc7 Rd7 23. Rdc1 Rad8 24. h3 Kf8 25. Rxd7 Rxd7 26. Ne5 Bxe5 27. dxe5 Ke8 28. Bxb6 axb6 29. Rb1 Rd4 30. f3 Ra4 31. Rxb6 Rxa2 32. Rxb7 Ra5 33. Rb8+ Ke7 34. Rb7+ Kf8 35. Kh2 Rxe5 36. h4   {Game drawn by mutual agreement} 1/2-1/2